Match 47221853
Unlisted

Match 47221853
End
Construct Section Command Post
Vickers Machine Gun Team
Infantry Section
Infantry Section
Infantry Section
Construct Platoon Command Post
Construct Field Infirmary
Humber Armored Car
6-pounder Anti-tank Gun Team
Construct Company Command Post
Crusader II Medium Tank
Infantry Section
Crusader II Medium Tank
Selects Heavy Armor Battlegroup
Selects Light Vehicle Withdraw and Refit
Selects Radio Net
Selects Recon Artillery
Recon Artillery
Crusader II Medium Tank
Selects Rigorous Vehicle Training
Recon Artillery
Oncle-Hô
Hero
HiHue
鲨鱼辣椒
0
0

Comments sign in to comment!

No comments posted yet!